 Dungeon Crawl Stone Soup version 0.32-a0-986-ga09f62fbf4 (webtiles) character file.

Game seed: 2451792213044845113

27 TacoSundae the Cudgeller (level 2, 0/26 HPs)
             Began as a Mountain Dwarf Fighter on Apr 21, 2024.
             Slain by Natasha (8 damage)
             ... on level 2 of the Dungeon.
             The game lasted 00:01:09 (1084 turns).

TacoSundae the Cudgeller (Mountain Dwarf Fighter)   Turns: 1084, Time: 00:01:10

Health: 0/26       AC:  6    Str: 18    XL:     2   Next: 93%
Magic:  2/2        EV:  8    Int:  8    God:
Gold:   40         SH:  4    Dex:  9    Spells: 1/1 levels left

rFire   . . .        a - +0 flail
rCold   . . .        c - +0 buckler
rNeg    . . .        b - +0 scale mail
rPois   .            (no helmet)
rElec   .            (no cloak)
rCorr   .            (no gloves)
SInv    .            (no boots)
Will    .....        (no amulet) Stlth
                     (no ring)
HPRegen 0.24/turn    (no ring)
MPRegen 0.08/turn

%: no passive effects
@: studying Staves
A: runic magic, artefact enchanting
a: no special abilities


You were on level 2 of the Dungeon.
You visited 1 branch of the dungeon, and saw 2 of its levels.

You collected 40 gold pieces.

Inventory:

Hand Weapons
 a - a +0 flail (weapon)
Armour
 b - a +0 scale mail (worn)
 c - a +0 buckler (worn)
Jewellery
 g - a ring of protection from fire
Scrolls
 e - 2 scrolls of identify {unknown}
 f - a scroll of teleportation {unknown}
 h - a scroll of vulnerability {unknown}
Potions
 d - a potion of might
 i - a potion of curing {unknown}


   Skills:
 - Level 3.2 Fighting
 * Level 4.2 Maces & Flails
 - Level 3.2 Armour
 - Level 3.2 Shields


You had one spell level left.
You didn't know any spells.
Your spell library was empty.

Dungeon Overview and Level Annotations

Branches:
Dungeon (2/15)

Altars:

Annotations:
D:2 Natasha


Innate Abilities, Weirdness & Mutations

Your spellcasting is much less encumbered by armour.
You can use scrolls of enchantment on lesser artefacts.


Message History

You barely miss the quokka. The quokka bites you.
You block the quokka's attack.
You barely miss the quokka.
The quokka bites you but does no damage.
You barely miss the quokka.
The quokka bites you but does no damage.
The quokka barely misses you.
You hit the quokka.
You kill the quokka!
No target in view!
No target in view!
h - a scroll labelled XUNWEXOFALL
i - a silvery potion
Found a stone staircase leading down.
Found a stone staircase leading up.
A rat comes into view.
The rat squeaks loudly.
The rat twitches its whiskers.
Natasha, Servant of Life and Death comes into view.
Found an orcbow.
You block the rat's attack.
You sock the rat!
You kill the rat!
Natasha barely misses you.
You barely miss Natasha. Natasha claws you!
You hit Natasha but do no damage. You block Natasha's attack.
Natasha claws you but does no damage.
You hit Natasha but do no damage. Natasha misses you.
You hit Natasha.
Natasha is moderately wounded.
Natasha barely misses you.
You completely miss Natasha.
Natasha is moderately wounded.
Natasha claws you.
You hit Natasha but do no damage.
Natasha is moderately wounded.
Natasha wildly gestures.
Natasha shimmers violently.
Natasha claws you! x2
You die...
Natasha curls up and begins to purr.

.. ). ... ##.##
#..##...####
...........
#........####
#...........
#......h#
####.....@#
.........##
####.##.###
..........##
####.###.#.####
#....###..<#
##.....#.##.#
#.......## #
#...>...#


You could see Natasha.

Vanquished Creatures
  A bat (D:1)
  An endoplasm (D:1)
  2 giant cockroaches (D:1)
  2 goblins (D:1)
  2 hobgoblins (D:1)
  5 jackals (D:1)
  A quokka (D:2)
  2 ball pythons (D:1)
  2 frilled lizards (D:1)
  3 kobolds (D:1)
  2 rats
23 creatures vanquished.

Notes
Turn   | Place    | Note
-------+----------+-------------------------------------------
     0 | D:1      | TacoSundae the Mountain Dwarf Fighter began the quest for
                  | the Orb.
     0 | D:1      | Reached XP level 1. HP: 19/19 MP: 1/1
    90 | D:1      | Reached skill level 3 in Maces & Flails
   186 | D:1      | Reached XP level 2. HP: 23/26 MP: 2/2
   437 | D:1      | Found a faded altar of an unknown god.
   652 | D:1      | Reached skill level 4 in Maces & Flails
  1076 | D:2      | Noticed Natasha
  1084 | D:2      | Slain by Natasha

Illustrated notes

Levels and vault maps discovered:
D:1:      dpeg_arrival_court, layout_basic, shapermc_ecumenical_altar_petra
D:2:      layout_loops_ring, uniq_crazy_yiuf_cottage, uniq_natasha

Skill      XL: |  1  2 |
---------------+-------+-----
Maces & Flails | 3 4 |  4.2
Fighting       | |  3.2
Armour         | |  3.2
Shields        | |  3.2

Action                     || total
---------------------------++-------
  Melee: Flail             ||    78
 Armour: Scale mail        ||    56
  Dodge: Dodged            ||    31
  Block: Buckler           ||    13

Table legend: (Time is in decaauts)
 A = Elapsed time spent in this place.
 B = Non-inter-level travel time spent in this place.
 C = Inter-level travel time spent in this place.
 D = Time resting spent in this place.
 E = Time spent auto-exploring this place.
 F = Levels seen in this place.
 G = Mean time per level.
                   A        B        C        D        E       F      G
               +--------+--------+--------+--------+--------+-----+--------+
         Total |   1104 |   1069 |     35 |      0 |    876 |   2 |  552.0 |
       Dungeon |   1104 |   1069 |     35 |      0 |    876 |   2 |  552.0 |
               +--------+--------+--------+--------+--------+-----+--------+

Top non-repeatable levels by time:
     D:1: 1054 daAuts
     D:2: 49 daAuts
